 Dungeon Crawl Stone Soup version 0.31-a0-833-gc15d34cb79 (webtiles) character file.

Game seed: 4767816259576339648

78 LeprechaunX the Changeling (level 4, -6/29 HPs)
             Began as an Octopode Shapeshifter on Sept 25, 2023.
             Mangled by Terence
             ... wielding a +0 flail
              (8 damage)
             ... on level 2 of the Dungeon.
             The game lasted 00:01:29 (1132 turns).

LeprechaunX the Changeling (Octopode Shapeshifter)  Turns: 1132, Time: 00:01:29

Health: -6/29      AC:  1    Str: 15    XL:     4   Next: 36%
Magic:  4/4        EV: 13    Int: 12    God:
Gold:   20         SH:  0    Dex: 11    Spells: 3/3 levels left

rFire   . .          .
                       - Unarmed
rCold   . . .        (no shield)
rNeg    . . .        (helmet currently unavailable)
rPois   .            (no amulet)
rElec   .            (no ring)
rCorr   .            (no ring)
SInv    .            (no ring)
Will    .....        (no ring)
Stlth   ++           (no ring)
HPRegen 0.24/turn    (no ring)
MPRegen 0.09/turn    (no ring)
                     (no ring)

%: no passive effects
@: beast-form
A: beast (slay +2), almost no armour, amphibious, 8 rings, camouflage 1,
gelatinous body 1, (nimble swimmer 1), tentacles
a: Begin Untransformation


You were on level 2 of the Dungeon.
You were a hulking beast.
You visited 1 branch of the dungeon, and saw 2 of its levels.

You collected 40 gold pieces.
You spent 20 gold pieces at shops.

Inventory:

Jewellery
 j - an amulet of guardian spirit
 k - a ring of wizardry
Talismans
 b - a beast talisman (active)
 c - a flux talisman
Scrolls
 d - 2 scrolls of enchant armour
 g - 2 scrolls of identify
Potions
 a - a potion of lignification
 e - a potion of curing {unknown}
 f - a potion of ambrosia {unknown}
 h - 3 potions of heal wounds {unknown}
 i - a potion of resistance {unknown}


   Skills:
 + Level 1.9 Fighting
 + Level 2.6 Dodging
 + Level 3.4 Unarmed Combat
 * Level 3.7 Shapeshifting


You had 3 spell levels left.
You didn't know any spells.
Your spell library was empty.

Dungeon Overview and Level Annotations

Branches:
Dungeon (2/15)

Altars:
The Shining One

Shops:
D:1 ?

Annotations:
D:2 Terence


Innate Abilities, Weirdness & Mutations

You are a hulking beast.
Your limbs bulge with bestial killing power. (Slay +2)
You cannot wear most types of armour.
You are amphibious.
You can wear up to eight rings at the same time.
Your skin changes colour to match your surroundings (Stealth+).
Your rubbery body absorbs attacks. (AC +1, EV +1)
((You are camouflaged when in or above water. (Stealth+)))
You have tentacles for arms and can constrict up to eight enemies at once.


Message History

You completely miss Terence. You squeeze Terence.
Terence is lightly wounded.
You constrict Terence, but do no damage.
Terence closely misses you.
You tentacle-slap Terence.
Terence is moderately wounded.
You constrict Terence, but do no damage.
Terence barely misses you.
You tentacle-slap Terence.
Terence is moderately wounded.
You constrict Terence. Terence hits you with a +0 flail!
You are too injured to fight recklessly!
You are too injured to fight recklessly!
You are too injured to fight recklessly!
You are too injured to fight recklessly!
You are too injured to fight recklessly!
You are too injured to fight recklessly!
You are too injured to fight recklessly!
You are too injured to fight recklessly!
You are too injured to fight recklessly!
You are too injured to fight recklessly!
You are too injured to fight recklessly!
You are too injured to fight recklessly!
You are too injured to fight recklessly!
You are too injured to fight recklessly!
You are too injured to fight recklessly!
You are too injured to fight recklessly!
You tentacle-slap Terence but do no damage.
Terence is heavily wounded.
You constrict Terence. Terence closely misses you.
You tentacle-slap Terence but do no damage.
You squeeze Terence!
Terence is almost dead.
You constrict Terence. Terence hits you with a +0 flail!
* * * LOW HITPOINT WARNING * * *
You tentacle-slap Terence but do no damage.
Terence is almost dead.
You constrict Terence, but do no damage.
Terence hits you with a +0 flail!
You die...

#.# ..#. #.. #
#.# ########....
#.. # #.#
#........# .. #
#.###........# #
#............#
#####........#
#####.##(....
#####....#######
#.....h....#
#....@.....#
#..........#
#..........#
#..........#
#..........#
#..........#
#..........#


You could see Terence.

Vanquished Creatures
  3 gnolls (D:1)
  3 dart slugs (D:1)
  2 endoplasms
  3 giant cockroaches (D:1)
  2 goblins (D:1)
  6 hobgoblins
  2 jackals (D:1)
  3 kobolds
  4 quokkas (D:1)
  7 ball pythons (D:1)
  A bat (D:1)
  A rat (D:1)
37 creatures vanquished.

Notes
Turn   | Place    | Note
-------+----------+-------------------------------------------
     0 | D:1      | LeprechaunX the Octopode Shapeshifter began the quest for
                  | the Orb.
     0 | D:1      | Reached XP level 1. HP: 13/13 MP: 1/1
    32 | D:1      | Reached XP level 2. HP: 17/18 MP: 2/2
    73 | D:1      | Reached XP level 3. HP: 19/23 MP: 3/3
   135 | D:1      | Found Qior's Magic Scroll Emporium.
   275 | D:1      | Reached XP level 4. HP: 16/29 MP: 4/4
   923 | D:1      | Bought a scroll of identify for 20 gold pieces
  1051 | D:2      | Found a glowing golden altar of the Shining One.
  1122 | D:2      | Noticed Terence
  1132 | D:2      | Mangled by Terence

Illustrated notes

Levels and vault maps discovered:
D:1:      dpeg_arrival_round_b, layout_rooms, serial_shops, shop, serial_forest,
          infiniplex_forest_diagonal, infiniplex_forest_zigzag_2,
          infiniplex_forest_end_2, infiniplex_forest_clump_small,
          infiniplex_forest_lined_3, infiniplex_forest_lined_room_3,
          infiniplex_forest_clump_tiny, infiniplex_forest_clump_small,
          amcnicky_mini_rare_corridor_liquid
D:2:      layout_basic, basic_altar, uniq_terence

Action                     |  1- 3 |  4- 6 || total
---------------------------+-------+-------++-------
  Melee: Unarmed           |    33 |    31 ||    64
         Tentacles         |    11 |     6 ||    17
         Constrict         |     9 |     6 ||    15
         Punch             |     4 |       ||     4
    Use: Scroll            |       |     1 ||     1
   Stab: Sleeping          |     4 |     4 ||     8
 Armour: Skin              |    14 |    13 ||    27
  Dodge: Dodged            |    36 |    10 ||    46

Table legend: (Time is in decaauts)
 A = Elapsed time spent in this place.
 B = Non-inter-level travel time spent in this place.
 C = Inter-level travel time spent in this place.
 D = Time resting spent in this place.
 E = Time spent auto-exploring this place.
 F = Levels seen in this place.
 G = Mean time per level.
                   A        B        C        D        E       F      G
               +--------+--------+--------+--------+--------+-----+--------+
         Total |   1128 |   1028 |    100 |      0 |    828 |   2 |  564.0 |
       Dungeon |   1128 |   1028 |    100 |      0 |    828 |   2 |  564.0 |
               +--------+--------+--------+--------+--------+-----+--------+

Top non-repeatable levels by time:
     D:1: 887 daAuts
     D:2: 240 daAuts
